 Dungeon Sprint DCSS version 0.17.0-28-g6e173f8 (webtiles) character file.

110 Avanven the Shield-Bearer (level 5, -1/47 HPs)
             Began as a Formicid Fighter on Nov 23, 2015.
             Slain by a yak (4 damage)
             ... in the Dungeon (Sprint I: "Red Sonja").
             The game lasted 00:00:59 (291 turns).

Avanven the Shield-Bearer (Formicid Fighter)         Turns: 291, Time: 00:01:00

Health: -1/47      AC:  7    Str: 21    XL:     5   Next: 14%
Magic:  5/5        EV:  9    Int:  8    God:
Gold:   108        SH: 10    Dex: 10    Spells: 0 memorised, 4 levels left

rFire  . . .     SeeInvis +     a - +0 war axe
rCold  . . .     Clarity  .     b - +0 scale mail
rNeg   . . .     SustAt   .     c - +0 shield
rPois  .         Gourm    .     (helmet unavailable)
rElec  .         Spirit   .     (no cloak)
rCorr  .         Warding  .     (no gloves)
rMut   .         Stasis   +     (no boots)
MR     .....                    (no amulet)
Stlth  ..........               (no ring)
                                (no ring)

@: not resistant to hostile enchantments, extremely unstealthy
A: permanent stasis, dig shafts and tunnels, four strong arms, antennae 3
a: Dig


You were in the Dungeon.
You were not hungry.

You visited 1 branch You collected 108 gold pieces.

Inventory:

Hand Weapons
 a - a +0 war axe (weapon)
Armour
 b - a +0 scale mail (worn)
 c - a +0 shield (worn)
Scrolls
 k - a scroll of blinking
Potions
 d - a potion of might
 f - a potion of curing
 g - a potion of heal wounds
 h - a potion of haste
 i - 2 potions of magic
 j - a potion of berserk rage
Comestibles
 e - a bread ration
 l - 5 chunks of flesh


   Skills:
 + Level 6.3 Fighting
 * Level 5.6 Axes
 - Level 4.7 Armour
 - Level 0.3 Dodging
 + Level 6.5 Shields


You had 4 spell levels left.
You didn't know any spells.

Dungeon Overview and Level Annotations

Branches:
Dungeon (1/1)

Altars:
Elyvilon
Kikubaaqudgha
Makhleb
Nemelex Xobeh
Okawaru
Qazlal
Ru
Trog
Xom
Yredelemnul
The Shining One

Shops:
D ?


Innate Abilities, Weirdness & Mutations

You are under a permanent stasis effect.
You can dig through walls and to a lower floor.
Your four strong arms can wield two-handed weapons with a shield.
You have a pair of large antennae on your head (SInv).


Message History

You dig through the rock wall.
A yak comes into view.
The yak bellows!
Found Kutig's Magic Scroll Emporium.
Found eleven altars.
You retract your mandibles.
You completely miss the yak. The yak gores you!
Your shield and scale mail prevent you from hitting the yak.
The yak gores you!
You closely miss the yak. The yak barely misses you.
You barely miss the yak. The yak gores you. You block the yak's attack.
You barely miss the yak. The yak gores you!
* * * LOW HITPOINT WARNING * * *
You barely miss the yak. You block the yak's attack.
You hit the yak.
The yak is lightly wounded.
The yak gores you!
* * * LOW HITPOINT WARNING * * *
You hit the yak but do no damage.
The yak is lightly wounded.
The yak gores you.
You die...

##########
#<.#..)..#
{
#..)..#..+
#..#####'#
#..# #..#
#..# ##@#
#..#_.._Y#
#⌠⌠#_.∩...
#.##_..._##
{
#..#_____#
##########
{


You could see a yak.

Vanquished Creatures
  An ogre (D)
  Ijyb (D)
2 creatures vanquished.

Notes
Turn   | Place    | Note
--------------------------------------------------------------
     0 | D        | Avanven the Formicid Fighter began the quest for the Orb.
     0 | D        | Reached XP level 1. HP: 18/18 MP: 1/1
    20 | D        | Noticed Ijyb
    36 | D        | Killed Ijyb
    36 | D        | Reached skill level 5 in Fighting
    36 | D        | Reached skill level 5 in Shields
    36 | D        | Reached XP level 2. HP: 19/27 MP: 2/2
    36 | D        | Reached XP level 3. HP: 23/33 MP: 3/3
   123 | D        | Noticed an ogre
   131 | D        | Killed an ogre
   131 | D        | Reached skill level 6 in Fighting
   131 | D        | Reached skill level 5 in Axes
   131 | D        | Reached XP level 4. HP: 22/41 MP: 4/4
   131 | D        | Reached XP level 5. HP: 25/47 MP: 5/5
   283 | D        | Found a burning altar of Makhleb.
   283 | D        | Found a sacrificial altar of Ru.
   283 | D        | Found a glowing golden altar of the Shining One.
   283 | D        | Found Kutig's Magic Scroll Emporium.
   283 | D        | Found a white marble altar of Elyvilon.
   283 | D        | Found a stormy altar of Qazlal.
   283 | D        | Found a basalt altar of Yredelemnul.
   283 | D        | Found a bloodstained altar of Trog.
   283 | D        | Found an iron altar of Okawaru.
   283 | D        | Found a sparkling altar of Nemelex Xobeh.
   283 | D        | Found a shimmering altar of Xom.
   283 | D        | Found an ancient bone altar of Kikubaaqudgha.
   283 | D        | Noticed a yak
   291 | D        | Slain by a yak

Action                   |  1- 3 |  4- 6 || total
-------------------------+-------+-------++-------
Melee: War axe           |    22 |     8 ||    30
 Abil: Dig               |     1 |     2 ||     3
